 Dungeon Crawl Stone Soup version 0.22-a0-565-gfc6459a (webtiles) character file.

44 galech the Skirmisher (level 3, 0/40 HPs)
             Began as an Ogre Berserker on June 28, 2018.
             Was a Follower of Trog.
             Succumbed to an adder's poison
             ... on level 2 of the Dungeon.
             The game lasted 00:01:33 (1386 turns).

galech the Skirmisher (Ogre Berserker)              Turns: 1386, Time: 00:01:34

Health: 0/40       AC:  3    Str: 22    XL:     3   Next: 60%
Magic:  3/3        EV: 16    Int:  8    God:    Trog [*.....]
Gold:   22         SH:  0    Dex: 13    Spells: 2/2 levels left

rFire    . . .     SeeInvis .   a - +0 mace
rCold    . . .     Gourm    .   (no shield)
rNeg     . . .     Faith    .   b - +0 animal skin
rPois    .         Spirit   .   (helmet restricted)
rElec    .         Reflect  .   (no cloak)
rCorr    .         Harm     .   (gloves unavailable)
MR       .....                  (boots unavailable)
Stlth    ++........             (no amulet)
HPRegen  0.13/turn              (no ring)
MPRegen  0.08/turn              (no ring)

@: agile, lethally poisoned (0 -> -1), berserk cooldown, slowed, very slow
A: large, unfitting armour, tough skin 1
a: Berserk, Renounce Religion


You were on level 2 of the Dungeon.
You worshipped Trog.
Trog was aware of your devotion.
You were very hungry.

You visited 1 branch of the dungeon, and saw 2 of its levels.

You collected 22 gold pieces.

Inventory:

Hand Weapons
 a - a +0 mace (weapon)
Armour
 b - a +0 animal skin (worn)
Scrolls
 d - 2 scrolls of identify {unknown}
 e - 2 scrolls of blinking {unknown}
 g - a scroll of remove curse {unknown}
Comestibles
 c - 5 rations
 f - 2 chunks of flesh


   Skills:
 + Level 4.6 Fighting
 + Level 3.3 Maces & Flails
 + Level 3.1 Dodging


You had 2 spell levels left.
You didn't know any spells.
Your spell library was empty.

Dungeon Overview and Level Annotations

Branches:
Dungeon (2/15)

Altars:


Innate Abilities, Weirdness & Mutations

You are too large for most types of armour.
You have tough skin. (AC +1)


Message History

Trog accepts your kill.
Found a stone staircase leading up.
Things that are here:
a short sword; a kobold corpse You feel a strong urge to attack something.
You see here a stone.
You are no longer berserk.
You are exhausted.
You feel yourself slow down.
You see here an adder corpse.
Okay, then.
It was a potion of agility.
You feel agile all of a sudden.
* * * LOW HITPOINT WARNING * * *
You feel sick.
You feel more agile all of a sudden.
There is a lethal amount of poison in your body!
There is a lethal amount of poison in your body!
There is a lethal amount of poison in your body!
You die...

..... #..#.<
......##..#..
(...........#
#....#...#.#
#........#.#
#..........####. ..
#..$.#.......... ...
##....@()..###
#.###....#.....^<...
.........((.....###...
...#.....####..## ....
#.....##.####.(.##....
....#..........#...#
.. ##.##..#....#.#.#
#.รท###........#.#
#..)###...........#


There were no monsters in sight!

Vanquished Creatures
  An adder (D:2)
  A dart slug (D:1)
  A ball python (D:1)
  2 giant cockroaches (D:1)
  3 goblins
  3 hobgoblins
  3 jackals (D:1)
  6 kobolds
  4 bats
  A frilled lizard (D:1)
  6 rats (D:1)
31 creatures vanquished.

Notes
Turn   | Place    | Note
-------+----------+-------------------------------------------
     0 | D:1      | galech the Ogre Berserker began the quest for the Orb.
     0 | D:1      | Reached XP level 1. HP: 24/24 MP: 1/1
   267 | D:1      | Reached XP level 2. HP: 9/32 MP: 2/2
   271 | D:1      | HP: 1/32 [kobold/dagger (3)]
  1058 | D:1      | Reached XP level 3. HP: 33/40 MP: 3/3
  1379 | D:2      | HP: 1/60 [kobold/short sword (4)]
  1384 | D:2      | HP: 1/40 [poisoned by an adder]
  1386 | D:2      | Succumbed to an adder's poison

Vault maps used:
D:1:      nicolae_arrival_memento_mori, supply_closet_lemuel
D:2:      grunt_temple_overflow_octagram, first_ration,
          trog_three_pillars_becter

Skill      XL: |  1  2 |
---------------+-------+-----
Maces & Flails | 3 |  3.3
Dodging        | 3 |  3.1
Fighting       | |  4.6

Action                   || total
-------------------------++-------
Melee: Mace              ||   102
Invok: Berserk           ||     2
  Use: Potion            ||     2
  Eat: Chunk             ||     2
Armor: Animal skin       ||    61
Dodge: Dodged            ||    86

Table legend:
 A = Spawn XP
 B = Non-spawn XP
 C = Spawn XP percentage of total XP
 D = Spawn monster count
 E = Non-spawn monster count
 F = Spawn count percentage of total count
 G = Total turns spent on level
                    A         B        C        D         E        F      G
               +---------+---------+-------+---------+---------+-------+---------
         Total |       0 |      63 |   0.0 |       0 |      31 |   0.0 |  1386
               +---------+---------+-------+---------+---------+-------+---------
           D:1 |       0 |      39 |   0.0 |       0 |      24 |   0.0 |  1307
           D:2 |       0 |      24 |   0.0 |       0 |       7 |   0.0 |    79
               +---------+---------+-------+---------+---------+-------+---------
